[Event "Deutsche Schachbundesliga 2010/11"]
[Site "Baden-Baden/Germany"]
[Date "2010.10.09"]
[Round "1.4"]
[White "Adams, Michael"]
[Black "Ragger, Markus"]
[Result "1/2-1/2"]
[ECO "B12"]
[WhiteElo "2706"]
[BlackElo "2614"]
[Annotator "Robot 4"]
[PlyCount "81"]
[EventDate "2010.??.??"]
[WhiteTeam "BAD"]
[BlackTeam "SOL"]
[TimeControl "40/6000+30:20/3000+30:900+30"]

1. e4 c6 2. d4 d5 3. e5 Bf5 4. Nf3 e6 5. Be2 c5 6. O-O Nc6 7. c3 cxd4 8. Nxd4
Nxd4 9. cxd4 Ne7 10. Nc3 Nc6 11. Be3 Bg6 12. Qb3 Qd7 13. Rac1 Be7 14. Bb5 Rc8
15. Na4 O-O 16. Nc5 Bxc5 17. Rxc5 a6 18. Be2 Nb8 19. Rfc1 Rxc5 20. Rxc5 Rc8 21.
Rxc8+ Qxc8 22. h4 h6 23. h5 Bb1 24. a3 Qc2 25. Qxc2 Bxc2 26. Kf1 Nc6 27. Ke1
Bb3 28. Kd2 Bc4 29. Bd1 Ne7 30. b3 Bb5 31. g4 Kh7 32. a4 Bf1 33. Bc2+ Kg8 34.
f3 Nc6 35. Bd1 Nb4 36. Kc3 Na2+ 37. Kb2 Nb4 38. Kc3 Na2+ 39. Kd2 Nb4 40. Bf2
Kf8 41. Be3 1/2-1/2

[Event "Deutsche Schachbundesliga 2010/11"]
[Site "Baden-Baden/Germany"]
[Date "2010.10.09"]
[Round "1.7"]
[White "Ernst, Sipke"]
[Black "Gustafsson, Jan"]
[Result "1/2-1/2"]
[ECO "D85"]
[WhiteElo "2583"]
[BlackElo "2643"]
[Annotator "Robot 4"]
[PlyCount "53"]
[EventDate "2010.??.??"]
[WhiteTeam "SOL"]
[BlackTeam "BAD"]
[TimeControl "40/6000+30:20/3000+30:900+30"]

1. d4 Nf6 2. c4 g6 3. Nc3 d5 4. cxd5 Nxd5 5. e4 Nxc3 6. bxc3 Bg7 7. Nf3 c5 8.
Be3 Qa5 9. Qd2 O-O 10. Rc1 Rd8 11. d5 e6 12. Bg5 f6 13. Bf4 Qa4 14. c4 exd5 15.
exd5 Na6 16. Be2 Nb4 17. O-O Qxa2 18. Qe3 Bf5 19. Qxc5 Nxd5 20. cxd5 Qxe2 21.
Rfe1 Qa2 22. Qb5 Qa6 23. Qb3 Qb6 24. Qa2 Qa6 25. Qb3 Qb6 26. Qa2 Qa6 27. Qb3
1/2-1/2

[Event "Deutsche Schachbundesliga 2010/11"]
[Site "Baden-Baden/Germany"]
[Date "2010.10.09"]
[Round "1.8"]
[White "Schlosser, Philipp"]
[Black "Naumann, Alexander"]
[Result "1/2-1/2"]
[ECO "B20"]
[WhiteElo "2575"]
[BlackElo "2544"]
[Annotator "Robot 4"]
[PlyCount "40"]
[EventDate "2010.??.??"]
[WhiteTeam "BAD"]
[BlackTeam "SOL"]
[TimeControl "40/6000+30:20/3000+30:900+30"]

1. e4 c5 2. Ne2 Nf6 3. Nbc3 d5 4. exd5 Nxd5 5. Nxd5 Qxd5 6. d4 e5 7. dxe5 Qxe5
8. c3 Nc6 9. Bf4 Qf6 10. Bg3 Be7 11. Nf4 O-O 12. Bc4 Bd6 13. Nd5 Re8+ 14. Ne3
Bxg3 15. hxg3 Ne5 16. Qh5 Bf5 17. Be2 Bg6 18. Qh4 Qxh4 19. Rxh4 Rad8 20. Rd1
Rxd1+ 1/2-1/2

[Event "Deutsche Schachbundesliga 2010/11"]
[Site "Baden-Baden/Germany"]
[Date "2010.10.09"]
[Round "1.6"]
[White "Naiditsch, Arkadij"]
[Black "Jussupow, Artur"]
[Result "1-0"]
[ECO "C72"]
[WhiteElo "2684"]
[BlackElo "2589"]
[Annotator "Robot 4"]
[PlyCount "105"]
[EventDate "2010.??.??"]
[WhiteTeam "BAD"]
[BlackTeam "SOL"]
[TimeControl "40/6000+30:20/3000+30:900+30"]

1. e4 e5 2. Nf3 Nc6 3. Bb5 a6 4. Ba4 d6 5. O-O Bg4 6. h3 Bh5 7. Bxc6+ bxc6 8.
d4 f6 9. c3 Ne7 10. Nbd2 Bf7 11. Qa4 Qb8 12. c4 a5 13. Rd1 Be6 14. Qc2 Ng6 15.
c5 Qb5 16. a4 Qa6 17. Ra3 Nf4 18. Kh2 Be7 19. Nb3 Qe2 20. Qxe2 Nxe2 21. Be3
Bxb3 22. Rxb3 exd4 23. Nxd4 Nxd4 24. Rxd4 dxc5 25. Rc4 Bd6+ 26. g3 Kd7 27. Bd2
Ke6 28. Kg2 Rhd8 29. Bc3 Be7 30. Rb7 Kd7 31. e5 Kc8 32. exf6 Kxb7 33. fxe7 Rd7
34. Bxg7 Rxe7 35. Bc3 Rf8 36. f4 Kb6 37. Kf3 Rd7 38. Kg4 Rd3 39. Kh4 h5 40. Re4
Rg8 41. Be1 Rd4 42. Re3 Rxa4 43. Kxh5 Rd4 44. Bc3 Kb5 45. f5 Rh8+ 46. Kg5 Rxh3
47. Bxd4 cxd4 48. Rf3 Rh8 49. f6 Kc4 50. f7 Rf8 51. Kf6 d3 52. g4 d2 53. Rf1
1-0

[Event "Deutsche Schachbundesliga 2010/11"]
[Site "Baden-Baden/Germany"]
[Date "2010.10.09"]
[Round "1.3"]
[White "Nikolic, Predrag"]
[Black "Bacrot, Etienne"]
[Result "1/2-1/2"]
[ECO "E15"]
[WhiteElo "2592"]
[BlackElo "2720"]
[Annotator "Robot 4"]
[PlyCount "82"]
[EventDate "2010.??.??"]
[WhiteTeam "SOL"]
[BlackTeam "BAD"]
[TimeControl "40/6000+30:20/3000+30:900+30"]

1. d4 Nf6 2. c4 e6 3. Nf3 b6 4. g3 Ba6 5. Qa4 Bb7 6. Bg2 c5 7. O-O cxd4 8. Nxd4
Bxg2 9. Kxg2 Qc8 10. Rd1 Be7 11. Nc3 O-O 12. Bg5 a6 13. Ne4 Nxe4 14. Bxe7 Re8
15. Ba3 Nc5 16. Qb4 Qb7+ 17. Kg1 Nc6 18. Nxc6 Qxc6 19. Rd4 d5 20. Rad1 a5 21.
Qd2 Ne4 22. Qd3 b5 23. b3 Qb6 24. Qe3 Qc6 25. Rc1 bxc4 26. bxc4 Qb7 27. cxd5
exd5 28. Qb3 Qxb3 29. axb3 Nf6 30. Kf1 Reb8 31. Rd3 Rb5 32. Be7 Ne8 33. Rcd1 f6
34. Ba3 Nc7 35. Rc1 Ne6 36. Rc6 Kf7 37. Rd6 Rd8 38. Rxd8 Nxd8 39. e4 Ke6 40.
Bf8 Kf7 41. Ba3 Ke6 1/2-1/2

[Event "Deutsche Schachbundesliga 2010/11"]
[Site "Baden-Baden/Germany"]
[Date "2010.10.09"]
[Round "1.1"]
[White "Sandipan, Chanda"]
[Black "Svidler, Peter"]
[Result "1/2-1/2"]
[ECO "D97"]
[WhiteElo "2637"]
[BlackElo "2734"]
[Annotator "Robot 4"]
[PlyCount "53"]
[EventDate "2010.??.??"]
[WhiteTeam "SOL"]
[BlackTeam "BAD"]
[TimeControl "40/6000+30:20/3000+30:900+30"]

1. d4 Nf6 2. c4 g6 3. Nc3 d5 4. Nf3 Bg7 5. Qb3 dxc4 6. Qxc4 O-O 7. e4 a6 8. Be2
b5 9. Qb3 c5 10. dxc5 Be6 11. Qc2 Nbd7 12. Be3 Rc8 13. Rd1 b4 14. Nd5 Bxd5 15.
exd5 Nxc5 16. O-O Nce4 17. Qd3 a5 18. Ne5 Qc7 19. f4 Qc2 20. Nc6 Qxd3 21. Nxe7+
Kh8 22. Rxd3 Rc7 23. Nc6 Nxd5 24. Rxd5 Rxc6 25. f5 Bxb2 26. Rxa5 Rd6 27. Bf3
1/2-1/2

[Event "Deutsche Schachbundesliga 2010/11"]
[Site "Bremen/Germany"]
[Date "2010.10.09"]
[Round "1.4"]
[White "Areshchenko, Alexander"]
[Black "Ftacnik, Lubomir"]
[Result "1-0"]
[ECO "B85"]
[WhiteElo "2664"]
[BlackElo "2551"]
[Annotator "Robot 4"]
[PlyCount "67"]
[EventDate "2010.??.??"]
[WhiteTeam "WBR"]
[BlackTeam "HSK"]
[TimeControl "40/6000+30:20/3000+30:900+30"]

1. e4 c5 2. Nf3 d6 3. d4 cxd4 4. Nxd4 Nf6 5. Nc3 e6 6. Be2 a6 7. O-O Be7 8. f4
Qc7 9. Kh1 Nc6 10. Be3 O-O 11. Qe1 Nxd4 12. Bxd4 b5 13. a3 Bb7 14. Qg3 Rad8 15.
Rae1 Rd7 16. Bd3 Re8 17. Re3 g6 18. Ref3 d5 19. e5 Ne4 20. Qe1 b4 21. axb4 Bxb4
22. Rh3 Qd8 23. Qe3 Nxc3 24. bxc3 Bf8 25. f5 exf5 26. Bxf5 gxf5 27. Rg3+ Kh8
28. e6+ f6 29. Rxf5 Bg7 30. Rh5 Rc7 31. Qd3 h6 32. Rxg7 Rxg7 33. Rxh6+ Kg8 34.
Qh3 1-0

[Event "Deutsche Schachbundesliga 2010/11"]
[Site "Bremen/Germany"]
[Date "2010.10.09"]
[Round "1.8"]
[White "Babula, Vlastimil"]
[Black "Sebastian, Dirk"]
[Result "1-0"]
[ECO "A42"]
[WhiteElo "2533"]
[BlackElo "2439"]
[Annotator "Robot 4"]
[PlyCount "103"]
[EventDate "2010.??.??"]
[WhiteTeam "WBR"]
[BlackTeam "HSK"]
[TimeControl "40/6000+30:20/3000+30:900+30"]

1. d4 g6 2. c4 Bg7 3. e4 Nc6 4. Be3 e5 5. dxe5 d6 6. Nc3 dxe5 7. Qxd8+ Nxd8 8.
Nb5 Ne6 9. Nxa7 Bd7 10. Nb5 f5 11. Nf3 f4 12. Bd2 Bxb5 13. cxb5 Nf6 14. Bc4 Nc5
15. Bc3 Nfxe4 16. Bxe5 Bxe5 17. Nxe5 Nd6 18. O-O O-O-O 19. Rfe1 Nxc4 20. Nxc4
Rd4 21. b3 Rhd8 22. h4 Ne4 23. Rac1 Kb8 24. b6 cxb6 25. Nxb6 f3 26. g3 g5 27.
Rc4 Rxc4 28. Nxc4 Nc3 29. hxg5 Ne2+ 30. Kh2 Rd5 31. Kh3 b5 32. Ne3 Rxg5 33. Rd1
Nc3 34. Rd8+ Kc7 35. Rf8 Rh5+ 36. Kg4 Rh2 37. Kxf3 Nxa2 38. Nd5+ Kd6 39. Ke4
Rh1 40. Rd8+ Kc5 41. Rc8+ Kd6 42. Ra8 Re1+ 43. Ne3 Re2 44. f4 Rb2 45. f5 Nc3+
46. Kd3 Ne2 47. Ra6+ Kc5 48. f6 Nc1+ 49. Ke4 Rf2 50. b4+ Kxb4 51. Nd5+ Kb3 52.
Nf4 1-0

[Event "Deutsche Schachbundesliga 2010/11"]
[Site "Bremen/Germany"]
[Date "2010.10.09"]
[Round "1.2"]
[White "Fressinet, Laurent"]
[Black "Kempinski, Robert"]
[Result "1-0"]
[ECO "B38"]
[WhiteElo "2697"]
[BlackElo "2612"]
[Annotator "Robot 4"]
[PlyCount "61"]
[EventDate "2010.??.??"]
[WhiteTeam "WBR"]
[BlackTeam "HSK"]
[TimeControl "40/6000+30:20/3000+30:900+30"]

1. d4 Nf6 2. c4 g6 3. Nc3 Bg7 4. e4 O-O 5. Be2 d6 6. Nf3 c5 7. O-O cxd4 8. Nxd4
Nc6 9. Be3 Nxd4 10. Bxd4 Be6 11. f4 Rc8 12. b3 Qa5 13. Rc1 a6 14. a4 Kh8 15.
Kh1 Ng8 16. f5 Bd7 17. Nd5 Bxd4 18. Qxd4+ f6 19. b4 Qd8 20. Nb6 Rc7 21. Rcd1
Qe8 22. a5 Bc6 23. Qe3 Kg7 24. Rc1 Nh6 25. b5 Bd7 26. bxa6 bxa6 27. c5 Bb5 28.
Nd5 Rc8 29. cxd6 Bxe2 30. Qxe2 exd6 31. Nc7 1-0

[Event "Deutsche Schachbundesliga 2010/11"]
[Site "Bremen/Germany"]
[Date "2010.10.09"]
[Round "1.6"]
[White "Hracek, Zbynek"]
[Black "Heinemann, Thies"]
[Result "1/2-1/2"]
[ECO "A30"]
[WhiteElo "2633"]
[BlackElo "2488"]
[Annotator "Robot 4"]
[PlyCount "69"]
[EventDate "2010.??.??"]
[WhiteTeam "WBR"]
[BlackTeam "HSK"]
[TimeControl "40/6000+30:20/3000+30:900+30"]

1. c4 c5 2. Nf3 Nc6 3. d4 cxd4 4. Nxd4 Qb6 5. Nf3 e6 6. g3 Bc5 7. e3 Nf6 8. Nc3
d5 9. a3 Qd8 10. b4 Bb6 11. Bb2 O-O 12. Rc1 Qe7 13. cxd5 Rd8 14. Bg2 Nxd5 15.
Qb3 Nxc3 16. Qxc3 f6 17. O-O Bd7 18. Rfd1 Rac8 19. Qb3 Be8 20. Bf1 Bf7 21. Bc4
e5 22. Nd2 a6 23. Ne4 Rxd1+ 24. Rxd1 Rd8 25. Rxd8+ Nxd8 26. Nc3 Ba7 27. Bxf7+
Qxf7 28. Nd5 Ne6 29. Kg2 Qd7 30. e4 Kf8 31. h4 Qc6 32. a4 b5 33. axb5 axb5 34.
Qf3 Bd4 35. Bxd4 1/2-1/2

[Event "Deutsche Schachbundesliga 2010/11"]
[Site "Bremen/Germany"]
[Date "2010.10.09"]
[Round "1.7"]
[White "Reeh, Oliver"]
[Black "Feller, Sebastien"]
[Result "1/2-1/2"]
[ECO "B10"]
[WhiteElo "2454"]
[BlackElo "2611"]
[Annotator "Robot 4"]
[PlyCount "49"]
[EventDate "2010.??.??"]
[WhiteTeam "HSK"]
[BlackTeam "WBR"]
[TimeControl "40/6000+30:20/3000+30:900+30"]

1. e4 c6 2. c4 d5 3. exd5 cxd5 4. cxd5 Nf6 5. Nc3 Nxd5 6. Nf3 Nxc3 7. bxc3 g6
8. Bc4 Bg7 9. O-O O-O 10. a4 Nc6 11. h3 Bf5 12. Re1 Bd3 13. Bxd3 Qxd3 14. Ba3
Rfe8 15. Re3 Qd5 16. d4 e6 17. Rb1 b6 18. Qe2 Rac8 19. Rb5 Qd7 20. Ne5 Qc7 21.
Nxc6 Qxc6 22. a5 Red8 23. axb6 axb6 24. Qb2 e5 25. dxe5 1/2-1/2

[Event "Deutsche Schachbundesliga 2010/11"]
[Site "Wattenscheid/Germany"]
[Date "2010.10.09"]
[Round "1.6"]
[White "Bellon Lopez, Juan Manuel"]
[Black "Bulski, Krzysztof"]
[Result "0-1"]
[ECO "D18"]
[WhiteElo "2394"]
[BlackElo "2434"]
[Annotator "Robot 4"]
[PlyCount "104"]
[EventDate "2010.??.??"]
[WhiteTeam "EMS"]
[BlackTeam "GRI"]
[TimeControl "40/6000+30:20/3000+30:900+30"]

1. d4 d5 2. Nf3 Nf6 3. c4 c6 4. Nc3 dxc4 5. a4 Bf5 6. e3 e6 7. Bxc4 Bb4 8. O-O
Nbd7 9. Qe2 Bg6 10. Bd2 O-O 11. h3 Re8 12. Rfd1 Qe7 13. Ne5 Nxe5 14. dxe5 Nd7
15. f4 Nc5 16. Be1 Red8 17. Rd4 a5 18. b3 Nd7 19. Kh2 Nb6 20. Rad1 Bc5 21.
Rxd8+ Rxd8 22. e4 Nxc4 23. Qxc4 Be3 24. g3 h5 25. Rd3 Bb6 26. Nd1 Rxd3 27. Qxd3
Qd8 28. Qxd8+ Bxd8 29. Nc3 f6 30. exf6 Bxf6 31. Kg1 e5 32. Ne2 Bxe4 33. Bxa5
Bc2 34. fxe5 Bxe5 35. Bc3 Bxc3 36. Nxc3 Bxb3 37. a5 Bc2 38. Kf2 Kf7 39. Ke3 Ke6
40. Kd4 Kd6 41. Kc4 Bf5 42. h4 Be6+ 43. Kb4 c5+ 44. Kb5 Bd7+ 45. Kb6 Bc6 46.
Ne2 c4 47. Nc3 g6 48. Na2 Bf3 49. Nc3 Ke5 50. Nb5 Bc6 51. Na3 Kd4 52. Nc2+ Kc3
0-1

[Event "Deutsche Schachbundesliga 2010/11"]
[Site "Wattenscheid/Germany"]
[Date "2010.10.09"]
[Round "1.4"]
[White "Cramling, Pia"]
[Black "Grabarczyk, Miroslaw"]
[Result "1/2-1/2"]
[ECO "D55"]
[WhiteElo "2517"]
[BlackElo "2466"]
[Annotator "Robot 4"]
[PlyCount "60"]
[EventDate "2010.??.??"]
[WhiteTeam "EMS"]
[BlackTeam "GRI"]
[TimeControl "40/6000+30:20/3000+30:900+30"]

1. d4 d5 2. Nf3 Nf6 3. c4 e6 4. Bg5 Be7 5. Nc3 O-O 6. e3 h6 7. Bxf6 Bxf6 8. Qb3
c6 9. Bd3 Nd7 10. Rd1 Nb6 11. O-O dxc4 12. Bxc4 Nxc4 13. Qxc4 Qb6 14. Rd2 Rd8
15. Ne4 Be7 16. Ne5 Bd7 17. Nxd7 Rxd7 18. Nc5 Bxc5 19. dxc5 Qd8 20. Rxd7 Qxd7
21. Qa4 Qd5 22. Qb4 Rb8 23. a3 b6 24. cxb6 Rxb6 25. Qc3 Rb3 26. Qc2 Rd3 27. h3
Rd2 28. Qc3 Rd3 29. Qc2 Rd2 30. Qc3 Rd3 1/2-1/2

[Event "Deutsche Schachbundesliga 2010/11"]
[Site "Wattenscheid/Germany"]
[Date "2010.10.09"]
[Round "1.7"]
[White "Geske, Julian"]
[Black "Breder, Dennis"]
[Result "1-0"]
[ECO "C77"]
[WhiteElo "2348"]
[BlackElo "2429"]
[Annotator "Robot 4"]
[PlyCount "83"]
[EventDate "2010.??.??"]
[WhiteTeam "GRI"]
[BlackTeam "EMS"]
[TimeControl "40/6000+30:20/3000+30:900+30"]

1. e4 e5 2. Nf3 Nc6 3. Bb5 a6 4. Ba4 Bc5 5. O-O b5 6. Bb3 Nf6 7. Qe2 d6 8. c3
O-O 9. Rd1 Bb6 10. d3 h6 11. Be3 Bxe3 12. Qxe3 Na5 13. Bc2 c5 14. Nbd2 Qe7 15.
d4 Bg4 16. d5 Rfc8 17. Bd3 c4 18. Be2 Nb7 19. b4 cxb3 20. axb3 Qc7 21. Rdc1 Qc5
22. Qd3 Bxf3 23. Qxf3 a5 24. b4 axb4 25. Rxa8 Rxa8 26. Nb3 Qa7 27. cxb4 Qa3 28.
Ra1 Qxa1+ 29. Nxa1 Rxa1+ 30. Bf1 Nd8 31. Qc3 Ra8 32. f3 Nh5 33. Qc7 f5 34. Qxd6
Nf7 35. Qc6 Rd8 36. Qg6 Nf4 37. Qxf5 Ng5 38. h4 Nf7 39. g3 g6 40. Qf6 Nh5 41.
Qxg6+ Ng7 42. Bh3 1-0

[Event "Deutsche Schachbundesliga 2010/11"]
[Site "Wattenscheid/Germany"]
[Date "2010.10.09"]
[Round "1.8"]
[White "Zumsande, Martin"]
[Black "Walter, Stefan"]
[Result "1-0"]
[ECO "C45"]
[WhiteElo "2414"]
[BlackElo "2169"]
[Annotator "Robot 4"]
[PlyCount "77"]
[EventDate "2010.??.??"]
[WhiteTeam "EMS"]
[BlackTeam "GRI"]
[TimeControl "40/6000+30:20/3000+30:900+30"]

1. e4 e5 2. Nf3 Nc6 3. d4 exd4 4. Nxd4 Nf6 5. Nxc6 bxc6 6. e5 Qe7 7. Qe2 Nd5 8.
c4 Ba6 9. b3 g5 10. g3 Bg7 11. Bb2 O-O-O 12. Nd2 Nb4 13. O-O-O Nxa2+ 14. Kb1
Nb4 15. f4 gxf4 16. gxf4 Bb7 17. Rg1 Rhg8 18. Ne4 c5 19. Bg2 Kb8 20. Bf3 Bh8
21. Rge1 Qe6 22. Nxc5 Qf5+ 23. Be4 Bxe4+ 24. Qxe4 Qxe4+ 25. Rxe4 Kc8 26. Re2
Rg4 27. f5 Rg5 28. f6 Nc6 29. Nd3 Re8 30. Rde1 Reg8 31. Bc3 Rf5 32. Kc2 Nd8 33.
Ra1 Ne6 34. Rxa7 Kb8 35. Ra1 d6 36. Nb4 Rf3 37. Nd5 Rg4 38. exd6 cxd6 39. Ra6
1-0

[Event "Deutsche Schachbundesliga 2010/11"]
[Site "Wattenscheid/Germany"]
[Date "2010.10.09"]
[Round "1.5"]
[White "Grabarczyk, Bogdan"]
[Black "Fiebig, Thomas"]
[Result "1/2-1/2"]
[ECO "C02"]
[WhiteElo "2450"]
[BlackElo "2453"]
[Annotator "Robot 4"]
[PlyCount "64"]
[EventDate "2010.??.??"]
[WhiteTeam "GRI"]
[BlackTeam "EMS"]
[TimeControl "40/6000+30:20/3000+30:900+30"]

1. e4 e6 2. d4 d5 3. e5 c5 4. c3 Nc6 5. Nf3 Bd7 6. Be2 Nge7 7. Na3 cxd4 8. cxd4
Nf5 9. Nc2 Rc8 10. O-O Qb6 11. Kh1 Na5 12. g4 Ne7 13. Nfe1 Bb5 14. Nd3 h5 15.
gxh5 Nf5 16. Be3 Nc4 17. Rc1 Nxb2 18. Nxb2 Bxe2 19. Qxe2 Qxb2 20. Bg5 Be7 21.
Bxe7 Nxe7 22. Qd1 Rc6 23. Rg1 Nf5 24. Ne3 Qxf2 25. Nxf5 Qxf5 26. Rxc6 Qe4+ 27.
Rg2 bxc6 28. Qc1 Kd7 29. Qc5 Rd8 30. h3 Qf3 31. Kh2 Qf4+ 32. Kh1 Qf3 1/2-1/2

[Event "Deutsche Schachbundesliga 2010/11"]
[Site "Wattenscheid/Germany"]
[Date "2010.10.09"]
[Round "1.2"]
[White "Mchedlishvili, Mikheil"]
[Black "Tazbir, Marcin"]
[Result "1-0"]
[ECO "D91"]
[WhiteElo "2625"]
[BlackElo "2510"]
[Annotator "Robot 4"]
[PlyCount "145"]
[EventDate "2010.??.??"]
[WhiteTeam "EMS"]
[BlackTeam "GRI"]
[TimeControl "40/6000+30:20/3000+30:900+30"]

1. d4 Nf6 2. c4 g6 3. Nc3 d5 4. Bg5 Ne4 5. Bh4 Nxc3 6. bxc3 Bg7 7. e3 c5 8.
cxd5 Qxd5 9. Nf3 Nc6 10. Be2 O-O 11. O-O b6 12. Nd2 cxd4 13. cxd4 Bb7 14. Bf3
Qd7 15. Rc1 Na5 16. Bxb7 Nxb7 17. Nc4 Rac8 18. Qf3 Rfe8 19. Bg3 b5 20. Ne5 Bxe5
21. Bxe5 Rxc1 22. Rxc1 Rc8 23. Rxc8+ Qxc8 24. h4 f6 25. Bg3 Qd7 26. h5 Kf7 27.
Qf4 gxh5 28. Qh6 Qf5 29. e4 Qg6 30. Qe3 Qg4 31. Kh2 h4 32. Bf4 Na5 33. f3 Qd7
34. d5 Nc4 35. Qf2 e5 36. dxe6+ Kxe6 37. Qxh4 Ne5 38. Bg3 Qf7 39. Qh3+ f5 40.
Qh6+ Ng6 41. Qe3 f4 42. Qb3+ Kf6 43. Qb2+ Ke6 44. Bf2 Qb7 45. Qb3+ Ke5 46. Qc3+
Ke6 47. Qc5 Kd7 48. Qf5+ Ke8 49. Qe6+ Qe7 50. Qc8+ Qd8 51. Qa6 Qg5 52. Qxa7 Nh4
53. Qb8+ Kd7 54. Qb7+ Kd6 55. Qb6+ Kd7 56. Qd4+ Kc7 57. Qc5+ Qxc5 58. Bxc5 Ng6
59. Bd4 Kc6 60. Kh3 h5 61. g4 h4 62. Bf6 Kd6 63. Bxh4 Ne5 64. Kg2 Nd3 65. a3 b4
66. axb4 Nxb4 67. Be1 Nc6 68. Bd2 Ke5 69. Bc3+ Ke6 70. Kh3 Kf7 71. g5 Kg6 72.
Kg4 Nd8 73. Be5 1-0

[Event "Deutsche Schachbundesliga 2010/11"]
[Site "Wattenscheid/Germany"]
[Date "2010.10.09"]
[Round "1.1"]
[White "Mista, Aleksander"]
[Black "Giri, Anish"]
[Result "1/2-1/2"]
[ECO "B92"]
[WhiteElo "2562"]
[BlackElo "2672"]
[Annotator "Robot 4"]
[PlyCount "112"]
[EventDate "2010.??.??"]
[WhiteTeam "GRI"]
[BlackTeam "EMS"]
[TimeControl "40/6000+30:20/3000+30:900+30"]

1. e4 c5 2. Nf3 d6 3. d4 cxd4 4. Nxd4 Nf6 5. Nc3 a6 6. Be2 e5 7. Nb3 Be7 8. O-O
O-O 9. Re1 Be6 10. Bf3 Nbd7 11. a4 Rc8 12. a5 Rc4 13. Be3 Qc7 14. Nd2 Rc6 15.
Nf1 Rc8 16. h3 g6 17. Re2 Kg7 18. Rd2 h5 19. Qe1 Qd8 20. Qb1 Rc4 21. Rd1 Qc7
22. Bd2 Qd8 23. Ra4 R4c6 24. Ne3 Qe8 25. Ncd5 Bxd5 26. exd5 R6c7 27. Ra3 Nh7
28. c4 Bg5 29. Be2 h4 30. b4 f5 31. c5 dxc5 32. d6 Rc6 33. b5 Rxd6 34. Nc4 Rd4
35. Bxg5 Nxg5 36. bxa6 bxa6 37. Nd6 Qf8 38. Nxc8 Qxc8 39. Rb3 Ne4 40. Rxd4 cxd4
41. Rb2 Nc3 42. Qd3 Nxe2+ 43. Qxe2 Qc1+ 44. Kh2 d3 45. Qxd3 Qxb2 46. Qxd7+ Kh6
47. Qe7 Qd4 48. Qf6 Qxf2 49. Qxe5 Qd2 50. Qf6 Qf4+ 51. Kh1 Qc1+ 52. Kh2 Qc7+
53. Kh1 Qc1+ 54. Kh2 Qf4+ 55. Kh1 Qf1+ 56. Kh2 Qf4+ 1/2-1/2

[Event "Deutsche Schachbundesliga 2010/11"]
[Site "Wattenscheid/Germany"]
[Date "2010.10.09"]
[Round "1.3"]
[White "Murdzia, Piotr"]
[Black "Hector, Jonny"]
[Result "1/2-1/2"]
[ECO "D17"]
[WhiteElo "2477"]
[BlackElo "2584"]
[Annotator "Robot 4"]
[PlyCount "83"]
[EventDate "2010.??.??"]
[WhiteTeam "GRI"]
[BlackTeam "EMS"]
[TimeControl "40/6000+30:20/3000+30:900+30"]

1. d4 d5 2. c4 c6 3. Nc3 Nf6 4. Nf3 dxc4 5. a4 Bf5 6. Nh4 e6 7. Nxf5 exf5 8. e3
Bd6 9. Bxc4 O-O 10. Qf3 Qa5 11. Bd2 Bb4 12. h3 Ne4 13. Nxe4 fxe4 14. Qe2 c5 15.
Bd5 Nc6 16. Bxc6 bxc6 17. Bxb4 Qxb4+ 18. Qd2 Qxd2+ 19. Kxd2 Rab8 20. Kc3 cxd4+
21. exd4 a5 22. Rhe1 f5 23. f3 Rb4 24. b3 h5 25. fxe4 fxe4 26. Rxe4 Rfb8 27.
Rb1 c5 28. Re5 cxd4+ 29. Kd2 Rxb3 30. Rxb3 Rxb3 31. Rxh5 Rg3 32. Rxa5 Rxg2+ 33.
Kd3 Rg3+ 34. Kxd4 Rxh3 35. Re5 Ra3 36. a5 Kf7 37. Kc4 Kf6 38. Kb4 Ra1 39. Re3
g5 40. Ra3 Rxa3 41. Kxa3 g4 42. a6 1/2-1/2

[Event "Deutsche Schachbundesliga 2010/11"]
[Site "Aue/Germany"]
[Date "2010.10.09"]
[Round "1.5"]
[White "Feygin, Michael"]
[Black "Gaponenko, Inna"]
[Result "1/2-1/2"]
[ECO "D00"]
[WhiteElo "2526"]
[BlackElo "2465"]
[Annotator "Robot 4"]
[PlyCount "40"]
[EventDate "2010.??.??"]
[WhiteTeam "MUL"]
[BlackTeam "AUE"]
[TimeControl "40/6000+30:20/3000+30:900+30"]

1. d4 d5 2. Nc3 Bf5 3. f3 Bg6 4. Bg5 f6 5. Bh4 e6 6. e4 Bb4 7. e5 c5 8. a3
Bxc3+ 9. bxc3 Qa5 10. Qd2 cxd4 11. cxd4 Nc6 12. Rb1 Qxd2+ 13. Kxd2 O-O-O 14.
Ne2 Rd7 15. f4 fxe5 16. dxe5 Nh6 17. Bf2 d4 18. Nc1 Ng4 19. Bg1 Ne3 20. Nd3
Nxf1+ 1/2-1/2

[Event "Deutsche Schachbundesliga 2010/11"]
[Site "Aue/Germany"]
[Date "2010.10.09"]
[Round "1.1"]
[White "Fridman, Daniel"]
[Black "Onischuk, Alexander"]
[Result "1/2-1/2"]
[ECO "E05"]
[WhiteElo "2645"]
[BlackElo "2701"]
[Annotator "Robot 4"]
[PlyCount "102"]
[EventDate "2010.??.??"]
[WhiteTeam "MUL"]
[BlackTeam "AUE"]
[TimeControl "40/6000+30:20/3000+30:900+30"]

1. d4 Nf6 2. c4 e6 3. g3 d5 4. Nf3 Be7 5. Bg2 O-O 6. O-O dxc4 7. Qc2 a6 8. a4
Bd7 9. Rd1 Bc6 10. Nc3 Bxf3 11. Bxf3 Nc6 12. Bxc6 bxc6 13. a5 Qb8 14. Ra4 Qb3
15. Qxb3 cxb3 16. Rc4 Rfb8 17. Bf4 Nd5 18. Rxc6 Nxf4 19. gxf4 Bb4 20. Ra1 Ra7
21. e3 Kf8 22. Kf1 Ke7 23. Rc4 Kd7 24. d5 Bxc3 25. dxe6+ fxe6 26. Rxc3 Rb5 27.
Rd1+ Kc8 28. Ra1 Kd7 29. Rd1+ Kc8 30. Ra1 c5 31. Ke2 Kc7 32. Rd3 Kc6 33. Kd2
Rf7 34. Kc3 e5 35. Rad1 exf4 36. Rd6+ Kc7 37. Rxa6 fxe3 38. fxe3 Rf2 39. Rd2
Rxd2 40. Kxd2 Kb7 41. Re6 Rxa5 42. Re7+ Kc6 43. Rxg7 Ra4 44. Kc3 Rh4 45. Rg2 c4
46. Rf2 Kd5 47. Rf5+ Ke6 48. Rf4 Rxh2 49. Rxc4 Re2 50. Rh4 Rxe3+ 51. Kc4 Kd6
1/2-1/2

[Event "Deutsche Schachbundesliga 2010/11"]
[Site "Aue/Germany"]
[Date "2010.10.09"]
[Round "1.3"]
[White "Malakhatko, Vadim"]
[Black "Oral, Tomas"]
[Result "1/2-1/2"]
[ECO "D80"]
[WhiteElo "2576"]
[BlackElo "2533"]
[Annotator "Robot 4"]
[PlyCount "55"]
[EventDate "2010.??.??"]
[WhiteTeam "MUL"]
[BlackTeam "AUE"]
[TimeControl "40/6000+30:20/3000+30:900+30"]

1. d4 Nf6 2. c4 g6 3. Nc3 d5 4. Bg5 Ne4 5. Bh4 Nxc3 6. bxc3 Bg7 7. cxd5 Qxd5 8.
e3 c5 9. Qf3 Qd7 10. Bc4 O-O 11. Ne2 cxd4 12. exd4 e5 13. O-O Nc6 14. Rad1 Qg4
15. Qxg4 Bxg4 16. f3 Bd7 17. Bd5 Rac8 18. dxe5 Bxe5 19. Rfe1 Kg7 20. Bb3 Nb8
21. Bf2 a6 22. Ba7 Bc6 23. Nd4 Bf6 24. Bxb8 Rxb8 25. Nxc6 bxc6 26. Rd7 Rbd8 27.
Rc7 Rc8 28. Rd7 1/2-1/2

[Event "Deutsche Schachbundesliga 2010/11"]
[Site "Aue/Germany"]
[Date "2010.10.09"]
[Round "1.4"]
[White "Petr, Martin"]
[Black "Berelowitsch, Alexander"]
[Result "1/2-1/2"]
[ECO "C07"]
[WhiteElo "2511"]
[BlackElo "2571"]
[Annotator "Robot 4"]
[PlyCount "100"]
[EventDate "2010.??.??"]
[WhiteTeam "AUE"]
[BlackTeam "MUL"]
[TimeControl "40/6000+30:20/3000+30:900+30"]

1. e4 e6 2. d4 d5 3. Nd2 c5 4. exd5 Qxd5 5. Ngf3 cxd4 6. Bc4 Qd8 7. O-O Nc6 8.
Nb3 Nf6 9. Nbxd4 Nxd4 10. Nxd4 Bc5 11. c3 O-O 12. Bg5 e5 13. Nb3 Bb6 14. Qxd8
Rxd8 15. Rfe1 Re8 16. Bxf6 gxf6 17. Bd5 Re7 18. Rad1 Bg4 19. Rd3 Rd8 20. c4 Be6
21. Rg3+ Kf8 22. Bxe6 fxe6 23. c5 Bc7 24. Rc3 e4 25. Rc2 f5 26. g3 Kf7 27. Kg2
Rd5 28. Ree2 Kf6 29. Nd2 Red7 30. b4 Rd3 31. Nb3 h5 32. c6 bxc6 33. Rxc6 Bb6
34. Nc5 R7d6 35. Rxd6 Rxd6 36. Rc2 Rd4 37. a3 e5 38. Na4 f4 39. gxf4 exf4 40.
Rc6+ Kf5 41. Nxb6 f3+ 42. Kg3 h4+ 43. Kh3 axb6 44. Rh6 Rd1 45. Rh5+ Kf4 46.
Rxh4+ Ke5 47. Rh5+ Kd4 48. Kg3 Kd3 49. Re5 Rg1+ 50. Kf4 Rg8 1/2-1/2